[Event "*** Titled Tuesday Blitz"]
[Site "Chess.com"]
[Date "2020.04.07"]
[Round "2"]
[White "AlleyOoper"]
[Black "AsselLesbekova"]
[Result "0-1"]
[WhiteElo "2486"]
[BlackElo "2294"]
[TimeControl "180+1"]
[EndTime "13:18:25 PDT"]
[Termination "AsselLesbekova won by resignation"]

1. d4 f5 2. Bg5 g6 3. Nc3 Bg7 4. h4 Nf6 5. h5 d6 6. h6 Bf8 7.
f3 Nc6 8. e4 e6 9. Bb5 Be7 10.
d5 exd5 11. exd5 Nxd5 12. Nxd5 Bxg5 13. Qe2+ Kf7 14. Bc4 Be6 15. f4 Bh4+ 16. Kf1 Re8 17. Nf3 Kf8 18. Nxh4 Bxd5 19. Nxg6+ hxg6 20. h7 Kg7 21. Bxd5 Rxe2 22. h8=Q+ Qxh8 23. Rxh8 Rxh8 24. Kxe2 Re8+ 25.
Kd2 Nd4 26. Bxb7 Re2+ 27. Kd3 c5 28. c3 Rxb2 29. cxd4 Rxb7 30. dxc5 dxc5 31. Rc1 Rc7 32. Kc4 Re7 33. g3 Re3 34. Rc3 Rxc3+ 35. Kxc3 Kh6 36. Kc4 Kh5 37. Kxc5 Kg4 38. Kb5 Kxg3 39. Ka6 Kxf4 40. Kxa7 g5 41. Kb6 g4 42. a4 g3 43. a5 g2 44. a6 g1=Q+ 0-1

[Event "*** Titled Tuesday Blitz"]
[Site "Chess.com"]
[Date "2020.04.07"]
[Round "2"]
[White "levallem"]
[Black "googlegoom"]
[Result "1/2-1/2"]
[WhiteElo "2087"]
[BlackElo "2403"]
[TimeControl "180+1"]
[EndTime "13:18:25 PDT"]
[Termination "Game drawn by agreement"]

1. d4 d5 2. c4 c6 3. cxd5 cxd5 4. Nc3 Nf6 5. Nf3 Nc6 6. Bf4 e6 7. e3 Be7 8. Bb5 Bd7 9. O-O O-O 10. Rc1 a6 11. Bxc6 Bxc6 12. Ne5 Rc8 13. Nxc6 Rxc6 14.
Na4 Rxc1 15. Qxc1 Qd7 16. Nc5 Qb5 17. Nb3 Qd7 18. Qc7 Qxc7 19. Bxc7 Rc8 20. Rc1 Ne8 21. Bb6 Rxc1+ 22. Nxc1 Nd6 23. Bc5 Kf8 24. Nd3 Ke8 25.
Kf1 f6 26. Ke2 Kd7 27. b3 h5 28. f3 Bd8 29. Nf4 h4 30. Ng6 f5 31. Ne5+ Kc7 32. Bxd6+ Kxd6 33. Nf7+ Ke7 34. Nxd8 Kxd8 35. e4 Ke7 36. Ke3 g5 37. exf5 exf5 38. f4 g4 39. g3 h3 40. Kd3 Kd6 41. Kc3 Kc6 42. Kb4 Kb6 43. a4 a5+ 44. Kc3 1/2-1/2

[Event "*** Titled Tuesday Blitz"]
[Site "Chess.com"]
[Date "2020.04.07"]
[Round "2"]
[White "Funkmaus"]
[Black "MrrRefrao"]
[Result "1-0"]
[WhiteElo "2206"]
[BlackElo "2436"]
[TimeControl "180+1"]
[EndTime "13:18:26 PDT"]
[Termination "Funkmaus won on time"]

1. d4 Nf6 2. Nf3 g6 3. g3 d6 4. Bg2 Bg7 5. O-O O-O 6. c3 Nbd7 7. Nbd2 e5 8. dxe5 dxe5 9. Nc4 e4 10. Nd4 Re8 11. b3 a6 12. a4 Qe7 13. Ba3 c5 14. Qc2 Rb8 15. Rad1 b5 16. axb5 axb5 17. Nc6 Qe6 18. Rd6 Qg4 19. Ne3 Qh5 20. Nxb8 Nxb8 21. Bxc5 Bh3 22. b4 Nbd7 23. Rfd1 Ne5 24. Rd8 Bh6 25. Rxe8+ Nxe8 26. Rd8 1-0

[Event "*** Titled Tuesday Blitz"]
[Site "Chess.com"]
[Date "2020.04.07"]
[Round "2"]
[White "JustKid"]
[Black "penguingm1"]
[Result "0-1"]
[WhiteElo "2582"]
[BlackElo "2897"]
[TimeControl "180+1"]
[EndTime "13:18:27 PDT"]
[Termination "penguingm1 won by resignation"]

1. d4 d5 2. Bf4 Nf6 3. e3 e6 4.
Nf3 Bd6 5. Bg3 c5 6. c3 O-O 7. Nbd2 Qc7 8. Rc1 b6 9. c4 Bb7 10. Be2 Bxg3 11. hxg3 dxc4 12. Nxc4 Rd8 13. Nce5 Nbd7 14. Qc2 Rac8 15. Bd3 h6 16. g4 Bxf3 17. Nxf3 Nxg4 18. Rh4 Ndf6 19. Qe2 Qd6 20. Nd2 cxd4 21. Rxc8 Rxc8 22. Nc4 Qb4+ 23. Kf1 b5 24. a3 Qb3 25. f3 bxc4 26. Bc2 Nxe3+ 0-1

[Event "*** Titled Tuesday Blitz"]
[Site "Chess.com"]
[Date "2020.04.07"]
[Round "2"]
[White "alexwinter25"]
[Black "FelixJoseYnojosa"]
[Result "0-1"]
[WhiteElo "2331"]
[BlackElo "2633"]
[TimeControl "180+1"]
[EndTime "13:18:28 PDT"]
[Termination "FelixJoseYnojosa won on time"]

1. e4 c5 2. Nf3 Nc6 3. d4 cxd4 4.
c3 Nf6 5. e5 Nd5 6. Bc4 e6 7.
Bxd5 exd5 8. cxd4 d6 9. O-O Bg4 10. exd6 Qxd6 11. Be3 Be7 12. h3 Bh5 13. Nbd2 O-O 14.
Qb3 Bf6 15. Rac1 b6 16. Rfe1 h6 17. a3 Rfe8 18. Qa4 Re6 19. b4 Rae8 20. Ne5 Nxe5 21.
dxe5 Bxe5 22. Qxa7 d4 23. Nc4 Bh2+ 24. Kh1 Qb8 25.
Qxb8 Bxb8 26. Bd2 Be2 27. Nb2 d3 28. Nc4 b5 29. Ne3 Be5 30. Rc5 Rb8 31. Ng4 Bd4 32.
Rc7 Ra8 33. Rd7 Bb6 34. Ne3 Rxa3 35. Nd5 Bxf2 36. Rd8+ Kh7 37. Rc1 Ra2 38. Rcc8 Rxd2 39. Rh8+ Kg6 40. Nf4+ Kf6 41. Nd5+ Ke5 0-1

[Event "*** Titled Tuesday Blitz"]
[Site "Chess.com"]
[Date "2020.04.07"]
[Round "2"]
[White "AlphaZ3r0"]
[Black "suyu28"]
[Result "0-1"]
[WhiteElo "2257"]
[BlackElo "2490"]
[TimeControl "180+1"]
[EndTime "13:18:28 PDT"]
[Termination "suyu28 won on time"]

1. Nf3 d5 2. c4 c6 3. g3 Nf6 4. Bg2 Bg4 5. O-O e6 6. cxd5 exd5 7. d3 Nbd7 8. h3 Bh5 9. Nc3 Bc5 10.
Qc2 O-O 11. e4 dxe4 12. dxe4 Re8 13. Bg5 h6 14. Bf4 Bg6 15. Nh4 Bh7 16. Nf5 Bxf5 17.
exf5 Nh5 18. Bd2 Nxg3 19. Rfd1 Ne2+ 20. Kf1 Nd4 21. Qd3 Ne5 22. Qg3 Nxf5 23. Qf4 Qc8 24. Ne4 Bf8 25. Bc3 Ng6 26. Qg4 Nfh4 27. Bh1 f5 28.
Nf6+ gxf6 29. Qg3 f4 30. Qg1 Qxh3+ 0-1

[Event "*** Titled Tuesday Blitz"]
[Site "Chess.com"]
[Date "2020.04.07"]
[Round "2"]
[White "MikeSailer"]
[Black "Semen16"]
[Result "0-1"]
[WhiteElo "2043"]
[BlackElo "2407"]
[TimeControl "180+1"]
[EndTime "13:18:28 PDT"]
[Termination "Semen16 won by checkmate"]

1. d4 d5 2. Bf4 Nf6 3. e3 c5 4. Nf3 Nc6 5. c3 Qb6 6. Qb3 c4 7. Qc2 Bf5 8. Qc1 h6 9. Be2 e6 10. h3 Be7 11. O-O O-O 12. Nbd2 Bg6 13. Ne5 Nxe5 14.
Bxe5 Qc6 15. Bf3 b5 16. a3 a5 17. Re1 Ne4 18. Nxe4 dxe4 19. Be2 Rfc8 20. Qc2 b4 21. axb4 axb4 22. Rxa8 Qxa8 23. cxb4 Bxb4 24. Rc1 c3 25. bxc3 Rxc3 26. Qb1 Qc6 27. Rxc3 Qxc3 28. Qa2 Qe1+ 29. Bf1 Kh7 30. Qe2 Qb1 31. g3 Bf5 32. Kg2 f6 33.
Bc7 Qc1 34. Qc4 Qb1 35. Be2 Bxh3+ 36. Kxh3 Qh1+ 37. Kg4 h5+ 38. Kf4 g5# 0-1

[Event "*** Titled Tuesday Blitz"]
[Site "Chess.com"]
[Date "2020.04.07"]
[Round "2"]
[White "goodluck06"]
[Black "TwentyHourADay"]
[Result "1-0"]
[WhiteElo "2620"]
[BlackElo "2317"]
[TimeControl "180+1"]
[EndTime "13:18:29 PDT"]
[Termination "goodluck06 won by resignation"]

1. e4 c6 2. Nf3 d5 3. Nc3 Bg4 4. h3 Bxf3 5. Qxf3 e6 6. Be2 Nd7 7. d4 g6 8. O-O Bg7 9. Be3 Ne7 10. a4 O-O 11. a5 a6 12. g3 f5 13. e5 c5 14. dxc5 Nxe5 15. Qg2 N5c6 16. Na4 Qc7 17.
Nb6 Rad8 18. c3 f4 19. Bd2 Be5 20. Bg4 Nf5 21. Rae1 Rde8 22. Rxe5 Nxe5 23. Bxf4 Qg7 24. Bxe5 Qxe5 25. Nd7 Qc7 26. Nxf8 Rxf8 27. b4 Qe5 28.
Qf3 Nh6 29. Qe3 Nxg4 30. hxg4 Qxe3 31. fxe3 Re8 32. g5 Kg7 33. Kg2 e5 34. Rf6 e4 35. Rd6 1-0

[Event "*** Titled Tuesday Blitz"]
[Site "Chess.com"]
[Date "2020.04.07"]
[Round "2"]
[White "Icewizard1"]
[Black "Evhen_Taranenko"]
[Result "1-0"]
[WhiteElo "2870"]
[BlackElo "2375"]
[TimeControl "180+1"]
[EndTime "13:18:29 PDT"]
[Termination "Icewizard1 won on time"]

1. Nf3 c5 2. e4 d6 3. d4 cxd4 4. Nxd4 Nf6 5. Nc3 a6 6. f3 e6 7. Be3 b5 8. Qd2 Bb7 9. O-O-O Nbd7 10. g4 Nb6 11. g5 Nfd7 12. h4 Rc8 13. a3 Ne5 14.
Bf2 Nec4 15. Qe1 Qc7 16. f4 Nxa3 17. bxa3 Qxc3 18. Qxc3 Rxc3 19. Nxb5 axb5 20. Bxb6 Rxa3 21. Bxb5+ Ke7 22. e5 Ra1+ 23. Kb2 Rxd1 24. Rxd1 d5 25. Ra1 f6 26. Ra7 fxe5 27. fxe5 Kf7 28. Rxb7+ Kg6 29. Bd3+ Kh5 30. Rf7 Kxh4 31. Be3 g6 32. Kc3 Ba3 33. Kb3 Bf8 34. Bb5 h6 35. Bd7 hxg5 36. Bxe6 g4 37. Rf4 g5 38. Rxg4+ Kh5 39. Rxg5+ 1-0

[Event "*** Titled Tuesday Blitz"]
[Site "Chess.com"]
[Date "2020.04.07"]
[Round "2"]
[White "AlanZhang"]
[Black "otrov-11"]
[Result "0-1"]
[WhiteElo "2122"]
[BlackElo "2425"]
[TimeControl "180+1"]
[EndTime "13:18:29 PDT"]
[Termination "otrov-11 won on time"]

1. e4 e6 2. d4 d5 3. Nc3 Bb4 4. e5 c5 5. a3 Bxc3+ 6. bxc3 Ne7 7. Nf3 Qa5 8. Qd2 Qa4 9. h4 c4 10. h5 h6 11. Be2 Nbc6 12. g4 Bd7 13. Nh4 O-O-O 14.
f4 Rdf8 15. O-O f6 16. Bf3 Rhg8 17. Qh2 fxe5 18. fxe5 g5 19. hxg6 Nxg6 20. Bxh6 Rf7 21. Nxg6 Rxg6 22. g5 Rh7 23. Kh1 Ne7 24. Bh5 Rg8 25.
Rf7 Rgh8 26. Rxh7 Rxh7 27. Bf8 Be8 28. Kg1 Rxh5 29. Qg2 Ng6 30. Rf1 Qd7 31. Qg4 Rh4 32.
Qg3 Qh7 33. Bc5 b6 34. Bf8 Rh1+ 35. Kg2 Rxf1 36. Kxf1 Nxf8 0-1

[Event "*** Titled Tuesday Blitz"]
[Site "Chess.com"]
[Date "2020.04.07"]
[Round "2"]
[White "IMTominho"]
[Black "karinachess1"]
[Result "1-0"]
[WhiteElo "2792"]
[BlackElo "2528"]
[TimeControl "180+1"]
[EndTime "13:18:30 PDT"]
[Termination "IMTominho won by resignation"]

1. d4 Nf6 2. c4 e6 3. Nf3 d5 4.
Bg5 Bb4+ 5. Nc3 h6 6. Bxf6 Qxf6 7. Qa4+ Nc6 8. e3 O-O 9. Rc1 Qg6 10. cxd5 exd5 11. Qd1 Be6 12. h3 Rfe8 13. a3 Bxc3+ 14.
Rxc3 a6 15. Bd3 Qf6 16. O-O Rac8 17. Qc2 Bxh3 18. Bxa6 Bf5 19. Qc1 Nd8 20. Be2 c6 21. b4 Ne6 22. b5 Ng5 23. bxc6 bxc6 24. Nxg5 Qxg5 25. Rxc6 Be4 26. g3 Rxc6 27. Qxc6 Re6 28. Qc8+ Kh7 29. Rc1 h5 30. Rc6 h4 31. Rxe6 Bf5 32.
Re5 g6 33. Rxf5 gxf5 34. Qc7 Kg7 35. Qf4 1-0

[Event "*** Titled Tuesday Blitz"]
[Site "Chess.com"]
[Date "2020.04.07"]
[Round "2"]
[White "Schachspielerr"]
[Black "Enriquack"]
[Result "1-0"]
[WhiteElo "2720"]
[BlackElo "2420"]
[TimeControl "180+1"]
[EndTime "13:18:30 PDT"]
[Termination "Schachspielerr won by resignation"]

1. d4 Nf6 2. c4 g6 3. Nc3 d5 4.
Qa4+ Bd7 5. Qb3 dxc4 6. Qxc4 Bc6 7. Nf3 Bxf3 8. gxf3 Nbd7 9. Qb3 Bg7 10. Qxb7 O-O 11. Bg2 c5 12. dxc5 Nxc5 13. Qb5 Qc7 14. O-O Ne6 15.
Qa4 Rab8 16. Be3 Rxb2 17. Rac1 Qe5 18. Qxa7 Nh5 19. Qxe7 Bf6 20. Qa3 Nhf4 21. Kh1 Qh5 22. Ne4 Be5 23. Ng3 Qh4 24. Rc4 Ra8 25. Qxa8+ Kg7 26. Qa4 g5 1-0

[Event "*** Titled Tuesday Blitz"]
[Site "Chess.com"]
[Date "2020.04.07"]
[Round "2"]
[White "WiniVidiVici"]
[Black "Benjoneliere44"]
[Result "1-0"]
[WhiteElo "2756"]
[BlackElo "2510"]
[TimeControl "180+1"]
[EndTime "13:18:31 PDT"]
[Termination "WiniVidiVici won by resignation"]

1. e4 c5 2. Nf3 d6 3. d4 cxd4 4. Nxd4 Nf6 5. Nc3 g6 6. Be2 Bg7 7. Be3 O-O 8. Qd2 Nc6 9. O-O-O Ng4 10. Bxg4 Bxg4 11. f3 Bd7 12. h4 Ne5 13. Qe2 Rc8 14.
Nb3 a5 15. a4 Rxc3 16. bxc3 Qc7 17. Bd4 h5 18. f4 Ng4 19. Bxg7 Kxg7 20. Qd2 Kg8 21.
Kb2 Rc8 22. e5 Bxa4 23. exd6 exd6 24. Ra1 Bd7 25. Rxa5 Be6 26. Rb5 Nf6 27. Re1 Bc4 28. Rb4 b5 29. f5 Nd5 30. fxg6 fxg6 31. Re6 Qf7 32. Rxc4 bxc4 33. Qxd5 1-0

[Event "*** Titled Tuesday Blitz"]
[Site "Chess.com"]
[Date "2020.04.07"]
[Round "2"]
[White "ftorodent"]
[Black "Cocaino74"]
[Result "1-0"]
[WhiteElo "2501"]
[BlackElo "2239"]
[TimeControl "180+1"]
[EndTime "13:18:31 PDT"]
[Termination "ftorodent won by resignation"]

1. d4 d5 2. c4 e6 3. Nf3 c6 4.
Bg5 Be7 5. Bxe7 Nxe7 6. e3 Nd7 7. Nc3 O-O 8. Bd3 dxc4 9. Bxc4 b5 10. Bd3 a6 11.
Qc2 h6 12. Ne4 Qa5+ 13. Qd2 Qxd2+ 14. Kxd2 Rd8 15. Rhc1 a5 16. Nc5 Nxc5 17. Rxc5 Rd5 18. Rac1 Bd7 19. Be4 Rxc5 20. Rxc5 f6 21. Ne1 f5 22.
Bf3 g5 23. g3 a4 24. Rxb5 cxb5 25. Bxa8 Bc6 26. Bxc6 Nxc6 27. Nd3 Kg7 28. Ne5 Nb4 29. a3 Nd5 30. Nc6 Kf6 31. f3 g4 32. fxg4 fxg4 33.
e4 Nc7 34. Kc3 Na6 35. Na7 1-0

[Event "*** Titled Tuesday Blitz"]
[Site "Chess.com"]
[Date "2020.04.07"]
[Round "2"]
[White "IMRosen"]
[Black "annamaja"]
[Result "0-1"]
[WhiteElo "2465"]
[BlackElo "2265"]
[TimeControl "180+1"]
[EndTime "13:18:33 PDT"]
[Termination "annamaja won on time"]

1. d4 Nf6 2. Bf4 d5 3. e3 e6 4. Nd2 Bd6 5. Bg3 O-O 6. Ngf3 c5 7. c3 Nc6 8. Bb5 Re8 9. Bxc6 bxc6 10. Qa4 Bxg3 11.
hxg3 Qb6 12. Qa3 Rb8 13. b3 cxd4 14. cxd4 Ba6 15. Rc1 Qb5 16. Ng1 Ne4 17. Nxe4 Qf1+ 18. Kd2 Qd3+ 19. Ke1 dxe4 20. Rxc6 Qf1+ 21. Kd2 Qxf2+ 22.
Kd1 Qf1+ 23. Kd2 Qxg2+ 24. Kc3 Bd3 25. Qc1 Qxh1 0-1

[Event "*** Titled Tuesday Blitz"]
[Site "Chess.com"]
[Date "2020.04.07"]
[Round "2"]
[White "Zurability"]
[Black "Nastya_Rakhmangulova"]
[Result "0-1"]
[WhiteElo "2676"]
[BlackElo "2358"]
[TimeControl "180+1"]
[EndTime "13:18:36 PDT"]
[Termination "Nastya_Rakhmangulova won on time"]

1. d4 d5 2. c4 c6 3. Nf3 Nf6 4. Nc3 dxc4 5. a4 Bf5 6. Ne5 e6 7. f3 Bb4 8. Kf2 O-O 9. Nxc4 e5 10. Nxe5 Bc2 11. Qd2 Bb3 12. e4 c5 13. d5 c4 14.
Bxc4 Qb6+ 15. Kf1 Bxc4+ 16. Nxc4 Qa6 17. Qe2 Nbd7 18. Nb5 Rac8 19. Bf4 Nh5 20. Bg3 Nxg3+ 21. hxg3 Nc5 22. Ncd6 Rcd8 23. Nf5 Nb3 24. Rd1 Qxa4 25.
f4 Nd2+ 26. Kf2 Bc5+ 27. Ne3 Nxe4+ 28. Kf3 Nf6 29. Nf5 Rfe8 30. Qd3 Rxd5 0-1

[Event "*** Titled Tuesday Blitz"]
[Site "Chess.com"]
[Date "2020.04.07"]
[Round "2"]
[White "Vusatiuk_Vladimir"]
[Black "yawnpawn"]
[Result "1-0"]
[WhiteElo "2383"]
[BlackElo "1683"]
[TimeControl "180+1"]
[EndTime "13:18:37 PDT"]
[Termination "Vusatiuk_Vladimir won by resignation"]

1. e4 c5 2. Nf3 Nc6 3. Bb5 g6 4. Bxc6 bxc6 5. O-O Bg7 6. c3 d5 7. e5 Qc7 8. Re1 Bg4 9. d4 cxd4 10. cxd4 e6 11.
b3 Ne7 12. Ba3 O-O 13. Nc3 Rfc8 14. Na4 Nf5 15. Bc5 Bf8 16. h3 Bxf3 17. Qxf3 Bxc5 18. dxc5 Rab8 19. g4 Ng7 20. Nb2 Qe7 21. Rac1 h5 22. Nd3 Kh7 23. Nf4 hxg4 24. hxg4 Rh8 25. Kg2 Ne8 26. Rh1+ Kg7 27. Rxh8 Kxh8 28. Rh1+ Kg7 29. Qh3 1-0

[Event "*** Titled Tuesday Blitz"]
[Site "Chess.com"]
[Date "2020.04.07"]
[Round "2"]
[White "Oleksandr_Bortnyk"]
[Black "AustrianFalcon"]
[Result "1-0"]
[WhiteElo "2988"]
[BlackElo "2603"]
[TimeControl "180+1"]
[EndTime "13:18:38 PDT"]
[Termination "Oleksandr_Bortnyk won by resignation"]

1. e4 g6 2. d4 Bg7 3. Nc3 d6 4. Bg5 a6 5. Qd2 b5 6. a3 Bb7 7. O-O-O Nd7 8. f4 c5 9. Nf3 b4 10. axb4 cxb4 11. Nd5 Bxd5 12. exd5 Qa5 13. Kb1 Ngf6 14.
Bc4 Nb6 15. Bb3 Nfxd5 16. Rhe1 O-O 17. Bxe7 Rfc8 18. Bxd6 Nc4 19. Bxc4 Rxc4 20. Qe2 Rcc8 21. Nd2 Qb6 22. Bc5 Qb7 23. Nc4 a5 24. Nd6 Qc6 25.
Nxc8 Rxc8 26. g3 a4 27. Rd3 a3 28. Rb3 axb2 29. Qc4 Nc3+ 30. Kxb2 Ra8 31. Qxb4 Na4+ 32.
Kc1 Nxc5 33. Qxc5 Ra1+ 34. Kd2 Qg2+ 35. Re2 Qf1 36. Rb8+ 1-0

[Event "*** Titled Tuesday Blitz"]
[Site "Chess.com"]
[Date "2020.04.07"]
[Round "2"]
[White "Perecke"]
[Black "MathiasWomacka"]
[Result "0-1"]
[WhiteElo "2146"]
[BlackElo "2431"]
[TimeControl "180+1"]
[EndTime "13:18:39 PDT"]
[Termination "MathiasWomacka won by resignation"]

1. e4 c5 2. Nf3 d6 3. d4 cxd4 4. Nxd4 Nf6 5. Nc3 a6 6. h3 e6 7.
g4 b5 8. Bg2 Bb7 9. O-O Nfd7 10. Be3 Nc6 11. f4 Be7 12. f5 Nxd4 13. Bxd4 O-O 14.
b3 Rc8 15. Ne2 Bf6 16. Qd2 Bxd4+ 17. Nxd4 Qe7 18. Rad1 h6 19. e5 Nxe5 20. f6 gxf6 21. Qxh6 Bxg2 22. Kxg2 Ng6 23. Rde1 Rc3 24. Rf2 Rfc8 25.
Kh2 Qa7 26. Rd1 e5 27. Rxf6 exd4 28. Rxg6+ fxg6 29. Qxg6+ Qg7 30. Qe6+ Qf7 0-1

[Event "*** Titled Tuesday Blitz"]
[Site "Chess.com"]
[Date "2020.04.07"]
[Round "2"]
[White "mattcolins2025"]
[Black "matiss90"]
[Result "0-1"]
[WhiteElo "2156"]
[BlackElo "2518"]
[TimeControl "180+1"]
[EndTime "13:18:40 PDT"]
[Termination "matiss90 won by resignation"]

1. d4 Nf6 2. c4 g6 3. Nc3 Bg7 4. e4 O-O 5. Nf3 d6 6. Be2 Na6 7. O-O e5 8. d5 Nc5 9. Qc2 a5 10. Be3 Nh5 11. b3 Bd7 12. Nd2 Nf4 13. Rfe1 b6 14. a3 f5 15. f3 Qg5 16. Bf1 Ncd3 17. Bxf4 Nxf4 18. Kh1 h5 19. g3 Bh6 20. gxf4 Qxf4 21.
Ra2 Kh7 22. Bg2 Qh4 23. Qd1 Bf4 24. Nf1 a4 25. b4 Rg8 26. Qe2 Raf8 27. Qf2 Qe7 28.
Ng3 fxe4 29. Ncxe4 h4 30. Ne2 h3 31. Nxf4 Rxf4 32.
Bf1 g5 33. Bd3 Kh8 34. Qg3 g4 35. fxg4 Bxg4 36. Rf2 Bf5 37. Qe3 Qh4 38. Rxf4 exf4 39. Qf2 Bxe4+ 40. Rxe4 Qxf2 0-1

[Event "*** Titled Tuesday Blitz"]
[Site "Chess.com"]
[Date "2020.04.07"]
[Round "2"]
[White "BasilSmash"]
[Black "PawnEatingZombie"]
[Result "1-0"]
[WhiteElo "2425"]
[BlackElo "2133"]
[TimeControl "180+1"]
[EndTime "13:18:40 PDT"]
[Termination "BasilSmash won on time"]

1. d4 d5 2. Nf3 e6 3. g3 b5 4. Bg2 Bb7 5. O-O Nf6 6. a4 b4 7.
c4 c5 8. Bg5 Be7 9. dxc5 Nbd7 10. c6 Bxc6 11. Nd4 Bb7 12. cxd5 Nxd5 13. Bxe7 Qxe7 14. Nd2 O-O 15. N2b3 Rac8 16. a5 Nc5 17. Rc1 Rfd8 18. Nxc5 Rxc5 19. Qa4 Qc7 20. Nb3 Rc4 21. Rfd1 Rc8 22. Rxc4 Qxc4 23. Rc1 Qxc1+ 24. Nxc1 Rxc1+ 25. Bf1 g6 26. a6 Bc6 27. Qa5 Kg7 28. Qd8 Bb5 29.
Kg2 Bxa6 30. Qb8 Rc2 31. e4 1-0

[Event "*** Titled Tuesday Blitz"]
[Site "Chess.com"]
[Date "2020.04.07"]
[Round "2"]
[White "SimonKnightRivendell"]
[Black "Fenil1995"]
[Result "0-1"]
[WhiteElo "1905"]
[BlackElo "2397"]
[TimeControl "180+1"]
[EndTime "13:18:40 PDT"]
[Termination "Fenil1995 won on time"]

1. d4 d5 2. c4 e6 3. Nf3 c6 4. g3 dxc4 5. Ne5 b5 6. Bg2 Bb7 7. a4 a6 8. O-O Nf6 9. b3 cxb3 10. Qxb3 Qb6 11. a5 Qc7 12. Bf4 Qc8 13. Rc1 Nd5 14.
Bxd5 exd5 15. Nd3 Nd7 16. Nd2 Be7 17. Nf3 O-O 18. Nfe5 Nxe5 19. Bxe5 Qh3 20. Nc5 Bc8 21. Rc3 f6 22. Bf4 g5 23. Bd2 f5 24. Nd3 Rf6 25. Ne5 Rh6 26. Nf3 g4 27. Bxh6 gxf3 28. exf3 Qxh6 29.
Rac1 Bd7 30. Qc2 Re8 31. f4 Bb4 32. Rb3 Bxa5 33. Ra3 Bb6 34. Rxa6 Bxd4 35. Qd3 Qf6 36. Qf3 b4 37. Rd1 Bc5 38. Rxd5 Re1+ 39. Kg2 Qe7 40. Ra8+ Kg7 0-1

[Event "*** Titled Tuesday Blitz"]
[Site "Chess.com"]
[Date "2020.04.07"]
[Round "2"]
[White "MishkaFighter"]
[Black "daro94"]
[Result "0-1"]
[WhiteElo "2567"]
[BlackElo "2859"]
[TimeControl "180+1"]
[EndTime "13:18:41 PDT"]
[Termination "daro94 won by resignation"]

1. d4 e6 2. c4 d5 3. Nf3 Nf6 4. Nc3 Nbd7 5. Bf4 Bb4 6. e3 O-O 7. Qc2 c5 8. dxc5 Qa5 9. Be2 dxc4 10. O-O Bxc3 11. Qxc3 Qxc3 12. bxc3 Ne4 13. Bxc4 Ndxc5 14. Be5 b6 15. a4 Ba6 16. Bxa6 Nxa6 17. a5 f6 18.
axb6 axb6 19. Bd4 Nac5 20. Rab1 Na4 21. c4 Rfb8 22. Rfc1 e5 23. Bb2 Rc8 24. Kf1 Nac5 25. Bc3 Nd3 26. Rc2 Rxc4 27. Ke2 Rxc3 28. Ra2 Rxa2+ 0-1

[Event "*** Titled Tuesday Blitz"]
[Site "Chess.com"]
[Date "2020.04.07"]
[Round "2"]
[White "floplover"]
[Black "ChesterF"]
[Result "0-1"]
[WhiteElo "2250"]
[BlackElo "2486"]
[TimeControl "180+1"]
[EndTime "13:18:41 PDT"]
[Termination "ChesterF won by resignation"]

1. d4 Nf6 2. c4 e6 3. Nc3 Bb4 4.
Qc2 d5 5. cxd5 exd5 6. Bg5 h6 7. Bxf6 Qxf6 8. a3 Bxc3+ 9. Qxc3 O-O 10. e3 Bf5 11.
Ne2 Nd7 12. Nf4 c6 13. Bd3 Rfe8 14. O-O Bxd3 15. Qxd3 a5 16. Rfc1 a4 17. b3 axb3 18. Qxb3 Ra7 19. a4 Qd6 20. h3 Rea8 21. Nd3 b5 22. Qc3 Rxa4 23. Rxa4 bxa4 24. Qxc6 Qxc6 25. Rxc6 a3 26. Rc1 Nb6 27. Nb4 Ra4 28. Rb1 Rxb4 29.
Rxb4 a2 30. Rxb6 a1=Q+ 31. Kh2 Qc1 32. Rb5 Qc4 33. Rc5 Qa2 34. Kg3 g6 35. Rb5 Kg7 36. Rc5 g5 37. Rb5 h5 38. Rc5 f6 39. Kf3 Kg6 40. g4 h4 41. Kg2 Qb1 42. Ra5 Qe4+ 43.
Kg1 Qf3 44. Rc5 Qxh3 45. Rxd5 Qxg4+ 46. Kh2 h3 0-1

[Event "*** Titled Tuesday Blitz"]
[Site "Chess.com"]
[Date "2020.04.07"]
[Round "2"]
[White "jaskol95"]
[Black "DucksParadise"]
[Result "0-1"]
[WhiteElo "2392"]
[BlackElo "2073"]
[TimeControl "180+1"]
[EndTime "13:18:41 PDT"]
[Termination "DucksParadise won by checkmate"]

1. d4 Nf6 2. Bf4 e6 3. e3 c5 4. Nd2 Nc6 5. Ngf3 d5 6. c3 Bd6 7. Bg3 O-O 8. Bd3 b6 9. e4 Be7 10. e5 Nh5 11. Ng5 g6 12. Nxh7 Nxg3 13. hxg3 Re8 14.
Qg4 Kg7 15. Nf6 Bxf6 16. Qh3 Nxe5 17. dxe5 Bxe5 18. Nf3 Bf6 19. Qh6+ Kg8 20. Ng5 Bg7 21. Qh7+ Kf8 22. Nxf7 Kxf7 23. Bxg6+ Kf8 24. Bxe8 Qxe8 25. O-O-O Qf7 26. Rh4 Bf6 27. Qh6+ Qg7 28. Qxg7+ Kxg7 29. f4 Bxh4 30. gxh4 Kf6 31. g3 Bd7 32. Re1 Rg8 33.
Re3 Bc6 34. Kd2 d4 35. cxd4 cxd4 36. Ra3 a5 37. Ke2 e5 38. fxe5+ Kxe5 39. Kf2 Rf8+ 40. Kg1 Ke4 41. b4 axb4 42. Ra6 d3 43. Rxb6 Bd5 44. Rxb4+ Ke3 45. h5 d2 46. Rb1 Bxa2 47. Ra1 Bb3 48. h6 Rh8 49. g4 Rxh6 50. g5 Rg6 51. Kh2 Rxg5 52. Ra3 d1=Q 53. Rxb3+ Qxb3 54. Kh3 Qg8 55. Kh4 Qg6 56. Kh3 Qh5# 0-1

[Event "*** Titled Tuesday Blitz"]
[Site "Chess.com"]
[Date "2020.04.07"]
[Round "2"]
[White "ElHelvetico"]
[Black "Sebastian"]
[Result "0-1"]
[WhiteElo "2609"]
[BlackElo "3016"]
[TimeControl "180+1"]
[EndTime "13:18:43 PDT"]
[Termination "Sebastian won on time"]

1. e4 c5 2. Nf3 d6 3. d4 cxd4 4.
Nxd4 Nf6 5. Nc3 a6 6. Be3 e5 7. Nb3 Be6 8. h3 Be7 9. f4 Nc6 10. f5 Bxb3 11. axb3 Nb4 12. g3 d5 13. exd5 Nbxd5 14. Qd2 O-O 15. Bg2 Nxe3 16. Qxe3 Qc7 17. O-O-O Rac8 18. Rhe1 e4 19. Bxe4 Bb4 20. Qf4 Qa5 21. Re3 Qa1+ 22.
Nb1 Rfd8 23. Rxd8+ Rxd8 24. Bd3 Qa5 0-1

[Event "*** Titled Tuesday Blitz"]
[Site "Chess.com"]
[Date "2020.04.07"]
[Round "2"]
[White "DanielDardha2005"]
[Black "igorkovalenko"]
[Result "0-1"]
[WhiteElo "2583"]
[BlackElo "2902"]
[TimeControl "180+1"]
[EndTime "13:18:43 PDT"]
[Termination "igorkovalenko won by resignation"]

1. Nf3 d5 2. c4 d4 3. b4 Bg4 4. Qb3 Nd7 5. g3 e5 6. Bg2 Be7 7. O-O Ngf6 8. d3 O-O 9. h3 Bh5 10. g4 Bg6 11. Nh4 a5 12. bxa5 Nc5 13. Qc2 Rxa5 14.
Nxg6 hxg6 15. Nd2 c6 16. Nb3 Nxb3 17. Qxb3 Ra7 18. Bd2 Nd7 19. a4 Qc7 20. Rfb1 Rfa8 21. a5 Nc5 22. Qc2 Qd7 23. Bb4 Ne6 24. Bxe7 Qxe7 25.
Qd2 f5 26. Rb6 Nf4 27. e3 dxe3 28. fxe3 Nxg2 29. Kxg2 Qg5 30. Qe2 Kh7 31. a6 Rxa6 32. Raxa6 bxa6 33. Rxc6 a5 34. Rb6 a4 35. Rb1 a3 36. Ra1 f4 37. exf4 exf4 38. h4 Qf6 39. Ra2 Rb8 40. Rc2 Rb2 41. Kf3 Rxc2 42. Qxc2 Qb2 43. Qa4 a2 44. h5 a1=Q 45. hxg6+ Kh6 46. g5+ Kh5 47. Qe8 Qh1+ 0-1

[Event "*** Titled Tuesday Blitz"]
[Site "Chess.com"]
[Date "2020.04.07"]
[Round "2"]
[White "Mikhail_Golubev"]
[Black "Noukii"]
[Result "1-0"]
[WhiteElo "2519"]
[BlackElo "2729"]
[TimeControl "180+1"]
[EndTime "13:18:43 PDT"]
[Termination "Mikhail_Golubev won by resignation"]

1. e4 e5 2. Nf3 Nc6 3. Nc3 Nf6 4. d4 exd4 5. Nxd4 Bb4 6. Nxc6 bxc6 7. Bd3 d5 8. Bd2 O-O 9. O-O Bd6 10. exd5 cxd5 11.
Nb5 Bc5 12. b4 Bb6 13. a4 a5 14. bxa5 Bxa5 15. Bxa5 Rxa5 16. Qd2 Ra8 17. Qc3 Ne8 18. Rfe1 Bd7 19. Qc5 Bxb5 20. Bxb5 Nf6 21. a5 Qb8 22. a6 Ne4 23. Rxe4 dxe4 24. a7 Qb7 25. Bc6 Qb2 26. Qa3 Qxa3 27. Rxa3 Rfd8 28. Kf1 f5 29. Bxa8 Rxa8 30. Ke2 Kf7 31. Ke3 c6 32. Kd4 Ke6 33. Kc5 Ke5 34. Kxc6 f4 35. Kb7 1-0